 Dungeon Crawl Stone Soup version 0.30-a0-331-g8ab09dc110 (console) character file.

Game seed: 9924723225448759676

258628 jejorda2 the Phalangite (level 19, -5/249 HPs)
             Began as a Merfolk Berserker on Oct 29, 2022.
             Was a High Priest of Trog.
             Slain by a titanic slime creature (39 damage)
             ... on level 1 of the Vaults.
             The game lasted 02:09:00 (41383 turns).

jejorda2 the Phalangite (Merfolk Berserker)        Turns: 41383, Time: 02:09:00

Health: -5/249     AC: 40    Str: 23    XL:     19   Next: 87%
Magic:  19/19      EV:  8    Int:  6    God:    Trog [*****.]
Gold:   3003       SH:  0    Dex: 23    Spells: 18/18 levels left

rFire   . . .      SeeInvis .    a - +9 bardiche (vorpal)
rCold   + . .      Faith    +    (shield currently unavailable)
rNeg    . . .      Spirit   .    M - +0 crystal plate armour
rPois   +          Reflect  .    r - +2 helmet
rElec   +          Harm     .    j - +2 cloak {Will+}
rCorr   .          Rampage  +    e - +1 pair of gloves of Yesterday {rPois Int-2 Dex+9}
Will    ++...                    l - +1 pair of boots {rampage}
Stlth   ..........               U - amulet "Efymusym" {Faith rElec}
HPRegen 0.61/turn                f - ring of protection from cold
MPRegen 0.16/turn                c - +4 ring of protection

@: berserking, very quick
A: (nimble swimmer 2), mertail
}: 2/15 runes: barnacled, gossamer
a: Renounce Religion, Berserk, Trog's Hand, Brothers in Arms


You were on level 1 of the Vaults.
You worshipped Trog.
Trog was extremely pleased with you.
You visited 6 branches of the dungeon, and saw 31 of its levels.
You also visited: Bailey, Gauntlet and Volcano.

You collected 4881 gold pieces.
You spent 1878 gold pieces at shops.

Inventory:

Hand Weapons
 a - a +9 vorpal bardiche (weapon)
 b - a +1 glaive of flaming
 w - the +0 bardiche of Distant Worlds {antimagic, Dex+3}
   (You acquired it on level 3 of the Lair of Beasts)

   It reduces the magical energy of the wielder, and disrupts the spells and
   magical abilities of those it strikes.
   Natural abilities and divine invocations are not affected.
   Dex:       It affects your dexterity (+3).
Missiles
 d - 42 poisoned darts
 x - 11 datura-tipped darts
 C - 15 javelins (quivered)
 G - 42 boomerangs
 N - 4 throwing nets
 Q - 4 curare-tipped darts
 X - 6 silver javelins
 Z - 3 boomerangs of dispersal
Armour
 e - the +1 pair of gloves of Yesterday (worn) {rPois Int-2 Dex+9}
   (You bought it in a shop on level 2 of the Dungeon)

   Int:       It affects your intelligence (-2).
   Dex:       It affects your dexterity (+9).
   rPois:     It protects you from poison.
 j - a +2 cloak of willpower (worn)
 l - a +1 pair of boots of rampaging (worn)
 r - a +2 helmet (worn)
 M - a +0 crystal plate armour (worn)
Jewellery
 c - a +4 ring of protection (right hand)
 f - a ring of protection from cold (left hand)
 p - a ring of protection from fire
 D - a ring of resist corrosion
 U - the amulet "Efymusym" (around neck) {Faith rElec}
   (You bought it in a shop on level 1 of the Shoals)

   [amulet of faith]

   It allows you to gain divine favour quickly.
   rElec:     It insulates you from electricity.
Wands
 k - a wand of iceblast (33)
 v - a wand of digging (4)
 y - a wand of quicksilver (15)
 I - a wand of paralysis (14)
 O - a wand of mindburst (24)
 P - a wand of flame (12)
 V - a wand of polymorph (10)
Scrolls
 i - 4 scrolls of poison
 n - 13 scrolls of teleportation
 q - 5 scrolls of blinking
 u - 6 scrolls of fog
 B - 3 scrolls of summoning
 H - 2 scrolls of magic mapping
 J - a scroll of silence
 Y - 2 scrolls of fear
Potions
 g - 4 potions of mutation
 m - 8 potions of attraction
 s - 3 potions of cancellation
 t - 7 potions of ambrosia
 z - 5 potions of invisibility
 A - 2 potions of resistance
 E - 6 potions of flight
 F - a potion of heal wounds
 K - 4 potions of might
 R - 4 potions of haste
 T - 11 potions of curing
 W - 3 potions of berserk rage
Miscellaneous
 h - a condenser vane
 o - a lightning rod (4/4)


   Skills:
 + Level 19.0 Fighting
 - Level 24.0 Polearms
 - Level 16.0 Throwing
 + Level 15.4 Armour
 - Level 6.0 Dodging
 - Level 3.0 Stealth
 - Level 6.0 Evocations


You had 18 spell levels left.
You didn't know any spells.
Your spell library was empty.

Dungeon Overview and Level Annotations

Branches:
Dungeon (15/15)            Temple (0/1) D:4            Lair (5/5) D:8
 Shoals (4/4) Lair:2       Spider (4/4) Lair:3        Slime (0/5) Lair:4
    Orc (2/2) D:11            Elf (0/3) Orc:2        Vaults (1/5) D:13
 Depths (0/4) D:15         Bailey (visited)         Volcano (visited)
Gauntlet (visited)

Altars:
Cheibriados
Elyvilon
Gozag
Kikubaaqudgha
Ru
Uskayaw
Vehumet
Xom
Yredelemnul
Zin
Jiyva

Shops:
D:1 (   D:2 [   D:5 [   Orc:2 =(*:*   Shoals:1 =   Shoals:3 *

Portals:
Pandemonium: Orc:2


Innate Abilities, Weirdness & Mutations

((You are very nimble when in or above water. (Stealth+, EV+, Speed+++)))
Your lower body shifts to a powerful aquatic tail in water.


Message History

The ironbound preserver dissolves into shadows!
The deep troll dissolves into shadows! x5; You feel a bit more experienced.
The vault sentinel shoots a bolt.
The bolt hits you but does no damage.
You slice the enormous slime creature!!
The enormous slime creature is lightly wounded.
You open the enormous slime creature like a pillowcase!!!
The enormous slime creature is moderately wounded.
The enormous slime creature hits you but does no damage.
The vault sentinel shoots a bolt.
The bolt hits you.
You slash the enormous slime creature!
The enormous slime creature is heavily wounded.
The enormous slime creature hits you!!! The slime creature barely misses you.
The vault sentinel shoots a bolt.
The bolt hits you!
You slice the enormous slime creature!!
The enormous slime creature is heavily wounded.
The enormous slime creature barely misses you.
The slime creature hits you but does no damage.
You slice the enormous slime creature!!
The enormous slime creature is severely wounded.
The vault sentinel shoots a bolt.
The bolt hits you.
Two slime creatures merge to form a titanic slime creature.
You slice the titanic slime creature!!
The titanic slime creature is severely wounded.
The vault sentinel blows a loud note on a signal horn!
You barely miss the titanic slime creature.
The titanic slime creature is severely wounded.
You carve the titanic slime creature like a ham!!!
The titanic slime creature is severely wounded.
You completely miss the titanic slime creature.
The titanic slime creature is severely wounded.
The titanic slime creature hits you!!!
* * * LOW HITPOINT WARNING * * *
You slice the titanic slime creature!!
The titanic slime creature is almost dead.
The titanic slime creature hits you.
* * * LOW HITPOINT WARNING * * *
A red film seems to cover your vision as you go berserk!
You feel yourself moving faster!
You feel mighty! The titanic slime creature hits you!!!
You die...

.. .=# ..
..#..#....
.#..#...
.#..#..
#####....#####
#............#
#............
#####J...#
#...@#).#....
#....#..# .
#....#..#
#....#..#
###'##'##
#......#
#......#
#......#
#......#


You could see a titanic slime creature.

Vanquished Creatures
  Arachne (Spider:3)
  Rupert (Lair:4)
  Jorgrun (D:15)
  4 acid blobs
  2 krakens
  A tengu reaver (Vaults:1)
  Roxanne (Spider:3)
  9 emperor scorpions
  A rockslime (Lair:4)
  4 azure jellies (Lair:4)
  A frost giant (Shoals:4)
  An orc warlord (Bailey)
  5 ghost moths
  4 broodmothers
  An ironbound thunderhulk (Vaults:1)
  Nessos (Orc:2)
  4 dire elephants (Lair:5)
  A minotaur (Gauntlet)
  The ghost of koil the Nimble, a journeyman SpHu of Kikubaaqudgha (Lair:4)
  6 spark wasps
  A fire dragon (D:15)
  10 merfolk impalers
  2 ettins
  A merfolk javelineer (Shoals:4)
  2 entropy weavers
  12 hydras
  Harold (D:9)
  A great orb of eyes (Lair:4)
  A merfolk avatar (Shoals:1)
  A jorogumo (Spider:4)
  4 radroaches
  8 merfolk aquamancers
  8 centaur warriors
  3 catoblepae
  2 ogre magi
  8 death scarabs (Spider:4)
  A satyr (Shoals:4)
  3 alligator snapping turtles
  9 two-headed ogres
  A tengu warrior (D:15)
  7 boulder beetles
  A hell knight (Volcano)
  9 orc high priests (Orc:2)
  2 spectral death yaks (Lair:5)
  4 death yaks
  Sonja (Lair:2)
  Urug (Lair:4)
  3 sun demons (Shoals:3)
  Nergalle (Lair:2)
  2 sun moths
  A death drake (shapeshifter) (D:15)
  9 pharaoh ants
  A spectral anaconda (Lair:5)
  A glowing orange brain (Gauntlet)
  14 sea snakes
  8 steelbarb worms
  2 deep trolls (D:15)
  3 wizards
  2 spectral wolf spiders (Spider:4)
  Pikel (D:5)
  A spectral jorogumo (Spider:4)
  3 ironbound convokers (Vaults:1)
  2 deep elf pyromancers
  A lindwurm (Lair:3)
  An obsidian statue (Lair:5)
  12 orb spiders
  A mana viper (shapeshifter) (D:13)
  16 ugly things
  6 orc knights (Orc:2)
  5 necromancers
  5 orc sorcerers
  18 wolf spiders
  10 harpies
  2 oklob plants
  9 cyclopes
  4 fauns (Shoals:1)
  18 manticores
  8 moths of wrath
  8 water nymphs
  3 black mambas
  4 vault sentinels (Vaults:1)
  A smoke demon (Orc:2)
  7 elephants (Lair:5)
  2 unseen horrors
  8 merfolk sirens
  A dire elephant skeleton (Lair:5)
  3 torpor snails
  An orange demon (Orc:2)
  13 cane toads
  2 rime drakes
  6 demonic crawlers
  4 komodo dragons
  A kobold demonologist (D:12)
  A yaktaur (D:13)
  A redback zombie (Spider:4)
  A tengu conjurer (Vaults:1)
  3 spectral redbacks (Spider:4)
  Maggie (D:6)
  8 trolls
  An efreet (D:14)
  4 red devils (D:15)
  6 wind drakes
  21 merfolk
  A tarantella (shapeshifter) (D:15)
  2 polar bears
  14 slime creatures
  2 spectral jumping spiders (Spider:4)
  4 spectral tarantellas (Spider:4)
  10 dream sheep
  22 tarantellas
  10 blink frogs
  3 culicivora zombies (Spider:4)
  A tarantella zombie (Spider:4)
  14 snapping turtles
  18 jumping spiders
  A jumping spider zombie (Spider:4)
  A vampire (D:12)
  5 shadows
  A centaur simulacrum (D:13)
  3 wraiths
  18 culicivoras
  48 yaks
  11 water elementals
  6 wyverns
  A human (shapeshifter) (D:15)
  A death yak simulacrum (Lair:5)
  A basilisk (shapeshifter) (D:15)
  A steam dragon (D:8)
  27 redbacks
  Grum (D:9)
  4 small abominations (Gauntlet)
  8 vampire mosquitoes
  2 basilisks
  A two-headed ogre zombie (D:11)
  2 large abominations (Gauntlet)
  3 spectral cane toads (Lair:5)
  2 wargs (Orc:2)
  15 water moccasins
  An ice beast (D:8)
  26 orc warriors
  A sky beast (D:7)
  4 black bears
  15 ogres
  4 boggarts (Vaults:1)
  2 elephant zombies (Lair:5)
  4 wolves (D:9)
  An elephant skeleton (Lair:5)
  18 centaurs
  A phantom (D:11)
  4 kobold brigands
  2 necrophages
  A gnoll sergeant (D:11)
  14 bullfrogs
  7 scorpions
  A cane toad simulacrum (Lair:5)
  3 wights (D:9)
  A troll zombie (D:11)
  3 killer bees (D:8)
  An elephant simulacrum (Lair:5)
  5 electric eels
  5 howler monkeys
  A hound (D:5)
  6 jellies
  Crazy Yiuf (D:6)
  25 orc priests
  5 iguanas
  26 orc wizards
  Natasha (thrice) (D:3)
  6 ogre zombies (D:11)
  6 adders
  8 gnolls
  2 shadow imps (D:7)
  3 white imps
  2 ufetubi (D:5)
  2 worms
  2 dart slugs
  71 orcs
  A ball python (D:3)
  3 bats
  20 endoplasms
  A giant cockroach (D:2)
  7 hobgoblins
  6 jackals (D:1)
  2 quokkas
  5 frilled lizards
  10 goblins
  A goblin skeleton (D:11)
  2 goblin zombies (D:11)
  3 hobgoblin skeletons (D:11)
  A hobgoblin zombie (D:11)
  28 kobolds
  2 orc skeletons (D:11)
  16 orc zombies (D:11)
  6 rats
1106 creatures vanquished.

Vanquished Creatures (collateral kills)
  An emperor scorpion (Spider:2)
  A ghost moth (Spider:4)
  A hydra (Lair:5)
  A merfolk avatar (Shoals:4)
  A boulder beetle (D:13)
  A pharaoh ant (Spider:4)
  An orb spider (Spider:4)
  A deep elf zephyrmancer (D:13)
  A manticore (Shoals:4)
  A cane toad (Lair:2)
  2 blink frogs (Lair:5)
  A merfolk (Shoals:4)
  2 yaks (D:10)
  A basilisk (Lair:5)
  2 kobolds (D:10)
18 creatures vanquished.

Vanquished Creatures (others)
  A merfolk (Shoals:4)
  6 demonic plants (Gauntlet)
  70 fungi
  69 plants
  8 tentacles
  33 withered plants (Lair:5)
187 creatures vanquished.

Grand Total: 1311 creatures vanquished

Notes
Turn   | Place    | Note
-------+----------+-------------------------------------------
     0 | D:1      | jejorda2 the Merfolk Berserker began the quest for the Orb.
     0 | D:1      | Reached XP level 1. HP: 18/18 MP: 1/1
   196 | D:1      | Found Ephomoqu's Antique Weapon Shop.
   259 | D:1      | Reached XP level 2. HP: 24/24 MP: 2/2
  1059 | D:2      | Reached XP level 3. HP: 28/30 MP: 3/3
  1064 | D:2      | Found a faded altar of an unknown god.
  1112 | D:2      | Reached skill level 5 in Polearms
  1125 | D:2      | Reached ** piety under Trog
  1166 | D:2      | Found Xyecit's Antique Armour Emporium.
  1719 | D:3      | You fall into a shaft and drop 1 floor!
  1842 | D:3      | Noticed Natasha
  1849 | D:3      | Killed Natasha
  1850 | D:3      | Reached XP level 4. HP: 31/37 MP: 4/4
  1877 | D:3      | Noticed Natasha
  1892 | D:3      | Killed Natasha
  2165 | D:3      | Reached XP level 5. HP: 42/42 MP: 5/5
  2284 | D:3      | Reached skill level 6 in Polearms
  2294 | D:3      | Noticed Natasha
  2303 | D:3      | Killed Natasha
  2647 | D:3      | Reached XP level 6. HP: 49/49 MP: 6/6
  2928 | D:2      | Bought a pair of spiked gloves for 180 gold pieces
  2928 | D:2      | Identified the +1 pair of gloves of Yesterday {rPois Int-2
                  | Dex+9} (You bought it in a shop on level 2 of the Dungeon)
  3047 | D:4      | Found a staircase to the Ecumenical Temple.
  3300 | D:4      | Found a hide-covered altar of Uskayaw.
  3369 | D:4      | Reached skill level 7 in Polearms
  3633 | D:5      | Entered Level 5 of the Dungeon
  3781 | D:5      | Found Oryomn's Antique Armour Boutique.
  4076 | D:5      | Reached skill level 5 in Fighting
  4076 | D:5      | Reached XP level 7. HP: 50/56 MP: 7/7
  4478 | D:5      | Reached skill level 8 in Polearms
  4501 | D:5      | Noticed Pikel
  4513 | D:5      | Killed Pikel
  4514 | D:5      | Reached skill level 9 in Polearms
  4514 | D:5      | Reached XP level 8. HP: 64/64 MP: 8/8
  4768 | D:5      | Identified a scroll of acquirement
  4768 | D:5      | Acquired the +7 halberd of Fauneqam {venom, Dex+2}
  5063 | D:6      | Found a runed translucent door.
  5064 | D:6      | Noticed Crazy Yiuf
  5068 | D:6      | Killed Crazy Yiuf
  5222 | D:6      | Reached skill level 10 in Polearms
  5293 | D:6      | Noticed Maggie
  5300 | D:6      | Killed Maggie
  5355 | D:6      | Reached skill level 11 in Polearms
  5636 | D:6      | Reached XP level 9. HP: 69/69 MP: 9/9
  5671 | D:6      | Found a sacrificial altar of Ru.
  5678 | D:6      | Found a basalt altar of Yredelemnul.
  5683 | D:6      | Found a radiant altar of Vehumet.
  5875 | D:7      | Reached skill level 12 in Polearms
  5879 | D:7      | Found an ancient bone altar of Kikubaaqudgha.
  5965 | D:7      | Reached skill level 5 in Armour
  6031 | D:7      | Reached *** piety under Trog
  6096 | D:7      | Found a glowing silver altar of Zin.
  6096 | D:7      | Found an opulent altar of Gozag.
  6132 | D:7      | Reached skill level 13 in Polearms
  6452 | D:7      | Noticed a green ugly thing
  6461 | D:7      | Killed a green ugly thing
  6462 | D:7      | Reached skill level 14 in Polearms
  6748 | D:8      | Reached XP level 10. HP: 74/76 MP: 10/10
  6897 | D:8      | Found a snail-covered altar of Cheibriados.
  6903 | D:8      | Found a shimmering altar of Xom.
  7086 | D:8      | Reached skill level 1 in Evocations
  7106 | D:8      | Found a staircase to the Lair.
  7109 | D:8      | Found a flagged portal.
  7119 | Bailey   | Entered a bailey
  7159 | Bailey   | Noticed an orc warlord
  7239 | Bailey   | Reached **** piety under Trog
  7297 | Bailey   | Found a runed translucent gate.
  7299 | Bailey   | Found a runed translucent gate.
  7301 | Bailey   | Found a runed translucent gate.
  7317 | Bailey   | Reached skill level 15 in Polearms
  7482 | Bailey   | Killed an orc warlord
  7491 | Bailey   | Identified the +3 long sword "Yjegi" {spect, Dex+5}
  7500 | Bailey   | Reached skill level 19 in Polearms
  7500 | Bailey   | Reached XP level 11. HP: 76/83 MP: 11/11
  7564 | D:8      | Identified the +5 hand axe of Waamuf {spect, *Noise Int+3}
  8222 | D:9      | Reached XP level 12. HP: 62/91 MP: 12/12
  8387 | D:9      | Noticed Harold
  8402 | D:9      | Killed Harold
  8801 | D:9      | Noticed Grum
  8832 | D:9      | Killed Grum
  9235 | D:10     | Entered Level 10 of the Dungeon
  9839 | D:11     | Found a staircase to the Orcish Mines.
  9872 | D:11     | Reached skill level 5 in Evocations
 10238 | D:11     | Reached skill level 20 in Polearms
 10798 | Lair:1   | Entered Level 1 of the Lair of Beasts
 11056 | Lair:1   | Reached XP level 13. HP: 101/101 MP: 13/13
 11217 | Lair:1   | Identified the +1 leather armour of Murchoikh {rPois Dex+6}
 11556 | Lair:1   | Reached skill level 1 in Throwing
 11914 | Lair:2   | Noticed Sonja
 11922 | Lair:2   | Killed Sonja
 12128 | Lair:2   | Noticed Nergalle
 12558 | Lair:2   | Found a staircase to the Shoals.
 12894 | Lair:2   | Killed Nergalle
 13053 | Lair:2   | Reached skill level 10 in Fighting
 13296 | Lair:3   | Found a dark tunnel.
 13309 | Volcano  | Entered a volcano
 13604 | Volcano  | Identified the +1 pair of boots of Nudicaot {Str-3 Dex+10}
 13887 | Lair:3   | Found the +1 robe of Vines {NoPotionHeal Regen++++}
 13896 | Lair:3   | Reached ***** piety under Trog
 13897 | Lair:3   | Reached skill level 10 in Armour
 14152 | Lair:3   | Acquired the +0 bardiche of Distant Worlds {antimagic,
                  | Dex+3}
 14497 | Lair:3   | Found a hole to the Spider Nest.
 14861 | Lair:4   | Reached skill level 5 in Throwing
 14861 | Lair:4   | Reached XP level 14. HP: 101/111 MP: 14/14
 15305 | Lair:4   | Noticed Rupert
 15321 | Lair:4   | Killed Rupert
 15934 | Lair:4   | Noticed Urug
 15944 | Lair:4   | Killed Urug
 15956 | Lair:4   | Found a viscous altar of Jiyva.
 15956 | Lair:4   | Found a staircase to the Slime Pits.
 15970 | Lair:5   | Entered Level 5 of the Lair of Beasts
 16027 | Lair:5   | Noticed an acid blob
 16027 | Lair:5   | Noticed an azure jelly
 16027 | Lair:5   | Noticed an acid blob
 16027 | Lair:5   | Noticed a rockslime
 16027 | Lair:5   | Noticed an azure jelly
 16027 | Lair:5   | Noticed koil's ghost (journeyman SpHu)
 16027 | Lair:5   | Noticed an acid blob
 16027 | Lair:5   | Noticed an azure jelly
 16027 | Lair:5   | Noticed an azure jelly
 16027 | Lair:5   | Noticed an acid blob
 16027 | Lair:5   | Found a runed translucent gate.
 16027 | Lair:5   | Found a runed translucent gate.
 16027 | Lair:5   | Found a runed translucent gate.
 16576 | Lair:5   | Noticed a dire elephant
 16576 | Lair:5   | Noticed a dire elephant
 16576 | Lair:5   | Noticed a dire elephant
 17199 | Lair:5   | Found a viscous altar of Jiyva.
 17228 | Lair:5   | Noticed a dire elephant
 17242 | Lair:5   | Killed a dire elephant
 17491 | Lair:5   | Killed a dire elephant
 17496 | Lair:5   | Received a gift from Trog
 17503 | Lair:5   | Killed a dire elephant
 17513 | Lair:5   | Killed a dire elephant
 17790 | Lair:5   | Identified the ring of Amorality {rElec rN+ rCorr Int-3
                  | Dex+4}
 18004 | Lair:5   | Reached skill level 21 in Polearms
 18013 | Lair:5   | Reached XP level 15. HP: 120/120 MP: 15/15
 18816 | D:12     | Found a white marble altar of Elyvilon.
 19263 | D:12     | Reached skill level 22 in Polearms
 19575 | D:13     | Found a gate to the Vaults.
 19652 | D:13     | Found a gate leading to a gauntlet.
 19661 | Gauntlet | Entered a Gauntlet
 19661 | Gauntlet | Found a transporter.
 19670 | Gauntlet | Found a transporter.
 19685 | Gauntlet | Found a transporter.
 19689 | Gauntlet | Found a transporter.
 19699 | Gauntlet | Found a transporter.
 19719 | Gauntlet | Found a transporter.
 19722 | Gauntlet | Found a transporter.
 19726 | Gauntlet | Found a transporter.
 19753 | Gauntlet | Found a transporter.
 19761 | Gauntlet | Found a transporter.
 19761 | Gauntlet | Found a transporter.
 19769 | Gauntlet | Found a transporter.
 19953 | Gauntlet | Identified the ring "Buocerch" {rF- rC+ Int+10 Dex-5 SInv}
 20102 | Gauntlet | Identified the +1 pair of gloves of Girewkooci {+Inv rElec
                  | SInv}
 20461 | D:13     | Reached skill level 23 in Polearms
 21469 | D:14     | Reached skill level 24 in Polearms
 22055 | D:14     | Reached XP level 16. HP: 127/127 MP: 16/16
 22568 | D:15     | Entered Level 15 of the Dungeon
 23325 | D:15     | Noticed Jorgrun
 23339 | D:15     | Killed Jorgrun
 23340 | D:15     | Reached skill level 10 in Throwing
 23439 | D:15     | Received a gift from Trog
 23600 | D:15     | Found a staircase to the Depths.
 23833 | Orc:1    | Entered Level 1 of the Orcish Mines
 23950 | Orc:2    | Entered Level 2 of the Orcish Mines
 23975 | Orc:2    | Found Ruliehy's Jewellery Boutique.
 24455 | Orc:2    | Noticed Nessos
 24473 | Orc:2    | Killed Nessos
 24583 | Orc:2    | Found a staircase to the Elven Halls.
 24759 | Orc:2    | Reached ****** piety under Trog
 24760 | Orc:2    | Found Aruirowk's General Store.
 24784 | Orc:2    | Found Gumarhi's General Store.
 25504 | Orc:2    | Received a gift from Trog
 25560 | Orc:2    | Found Yba Hid's Book Emporium.
 25560 | Orc:2    | Found Ateo's Antique Weapon Shoppe.
 25560 | Orc:2    | Found a one-way gate leading to the halls of Pandemonium.
 25971 | Spider:1 | Entered Level 1 of the Spider Nest
 26162 | Spider:1 | Reached XP level 17. HP: 93/135 MP: 17/17
 27031 | Orc:2    | Bought a condenser vane for 640 gold pieces
 27031 | Orc:2    | Bought a scroll of identify for 32 gold pieces
 27869 | Spider:2 | Acquired a manual of Fighting
 27895 | Spider:2 | Received a gift from Trog
 29226 | Spider:2 | Reached skill level 15 in Fighting
 29590 | Spider:3 | Noticed Arachne
 29621 | Spider:3 | Killed Arachne
 29833 | Spider:3 | Noticed Roxanne
 29858 | Spider:3 | Killed Roxanne
 30724 | Spider:4 | Entered Level 4 of the Spider Nest
 31261 | Spider:4 | Reached XP level 18. HP: 149/155 MP: 18/18
 31329 | Spider:4 | Received a gift from Trog
 32733 | Spider:4 | Reached skill level 1 in Stealth
 33173 | Spider:4 | Got a gossamer rune of Zot
 33430 | Shoals:1 | Entered Level 1 of the Shoals
 33813 | Shoals:1 | Found Piwe's Jewellery Shoppe.
 33828 | Shoals:1 | Bought the amulet "Efymusym" {Faith rElec} for 1026 gold
                  | pieces
 34990 | Lair:4   | Killed koil's ghost
 35517 | Lair:5   | Reached skill level 15 in Throwing
 35522 | Lair:5   | Reached XP level 19. HP: 72/163 MP: 19/19
 35538 | Lair:5   | Identified the +4 bardiche of Light {venom, Will- SInv
                  | Stlth+}
 36973 | Shoals:3 | Found Upheph's General Store.
 38239 | Shoals:4 | Entered Level 4 of the Shoals
 38305 | Shoals:3 | Reached skill level 5 in Dodging
 38387 | Shoals:4 | Reached skill level 15 in Armour
 38487 | Shoals:4 | Received a gift from Trog
 40326 | Shoals:4 | Got a barnacled rune of Zot
 41071 | Vaults:1 | Entered Level 1 of the Vaults
 41361 | Vaults:1 | Received a gift from Trog
 41383 | Vaults:1 | Slain by a titanic slime creature

Illustrated notes

Levels and vault maps discovered:
D:1:      mrwooster_arrival_statue_3, layout_loops_ring, serial_shops,
          nicolae_shop_waterfront, minmay_misc_feat_cross,
          minmay_misc_feat_roman
D:2:      layout_basic, serial_shops, shop_fountains,
          hellmonk_ecumenical_altar_pennies_from_heaven
D:3:      layout_loops_cross, uniq_natasha
D:4:      layout_loops_corners, nicolae_uskayaw_dance_hall,
          minmay_temple_entry_antechambers
D:5:      layout_loops_corners, serial_shops, nicolae_lakefront_shop,
          dreamdust_princess_corridor, grunt_ministairs_9, uniq_pikel
D:6:      layout_loops_cross, grunt_temple_overflow_diamond,
          uniq_crazy_yiuf_cottage, uniq_maggie
D:7:      minmay_inner_zag, layout_loops_ring,
          grunt_temple_overflow_gold_and_silver, marbit_many_paths
D:8:      layout_basic, mainiacjoe_overflow_catwalk_spiral,
          due_lair_maze_entry_diamond, enter_bailey_2, centaur_isle
D:9:      layout_irregular_city, hangedman_decor_opposing, uniq_grum,
          uniq_harold
D:10:     layout_rooms
D:11:     layout_gridville, zombieorc2_lemuel
D:12:     layout_stronghold, serial_column_ruins, column_ruins_hut,
          column_ruins_hut_ruined, column_ruins_columns_straight,
          column_ruins_columns_straight, column_ruins_open_medium,
          column_ruins_grid_1, elyvilon_altar_3
D:13:     layout_long_grid, david_vaults_1, gauntlet_entry_generic,
          onia_ninara_dug_in_and_dangerous
D:14:     layout_basic, roderic_lattice_octagonal_star
D:15:     hangedman_depths_entry_civil_slaughter, layout_basic,
          small_statue_intersection, einodemon_armed_red_devil_minivault,
          uniq_jorgrun
Lair:1:   layout_gridlike, serial_bayou_ford_a
Lair:2:   layout_cave_pods, minmay_shoals_entry_hut, lemuel_old_faithful,
          uniq_sonja, uniq_nergalle
Lair:3:   layout_loops_ring, hellmonk_spider_entry_life_and_decay,
          nicolae_volcano_entry_vermiform, st_stairs_12,
          dreamdust_mushroom_princess, hellmonk_guarded_unrand_vines
Lair:4:   lemuel_slime, layout_regular_city, dpeg_slime_entry_enclosed,
          grunt_megastairs_4, serial_bayou_shore_b, uniq_urug, uniq_rupert
Lair:5:   due_jungle_book, layout_cave_pods, gammafunk_ghost_ooze,
          grunt_megastairs_3
Shoals:1: layout_shoals, serial_shops, nicolae_square_shop
Shoals:2: layout_shoals
Shoals:3: layout_shoals, serial_shops, nicolae_stop_n_shop_2,
          nicolae_shoals_sun_and_surf
Shoals:4: shoals_end_grunt_ice, layout_shoals, nicolae_shoals_water_shrine
Spider:1: layout_spider_delve
Spider:2: layout_spider_delve, nicolae_spider_scorpion_nest
Spider:3: layout_cave_pods, uniq_roxanne, uniq_arachne
Spider:4: floodkiller_spider_rune_tomb
Orc:1:    layout_caves
Orc:2:    pf_orc_diabolical, layout_caves, serial_shops,
          nicolae_shop_waterfront, uniq_nessos
Vaults:1: nicolae_vaults_puzzle_piece, v_misc_28,
          nicolae_vaults_disjoint_gnomons, vaults_room_octagon,
          hangedman_vaults_stagger, v_misc_5, grunt_tower_of_power,
          vaults_mumra_hexcomb, ontoclasm_vaults_fault, vaults_room_fancy_cross,
          vaults_room_stairs_pillars, layout_vaults_maze

Skill      XL: |  1  2  3  4  5  6  7  8  9 10 11 12 13 14 15 16 17 18 19 |
---------------+----------------------------------------------------------+-----
Polearms       | 5 6 7 9 11 14 19 20 21 24 | 24.0
Armour         | 2 3 4 5 6 8 10 11 12 13 14 15 | 15.4
Fighting       | 4 5 6 7 9 10 11 12 17 18 19 | 19.0
Dodging        | 4 6 |  6.0
Evocations     | 2 3 5 6 |  6.0
Throwing       | 5 6 7 11 13 15 16 | 16.0
Stealth        | 3 |  3.0

Action                   |  1- 3 |  4- 6 |  7- 9 | 10-12 | 13-15 | 16-18 | 19-21 || total
-------------------------+-------+-------+-------+-------+-------+-------+-------++-------
Melee: Spear             |   137 |   213 |    74 |       |    71 |       |       ||   495
       Punch             |     1 |     1 |     1 |       |     2 |     2 |       ||     7
       Tailslap          |       |     2 |       |     6 |       |    13 |    22 ||    43
       Halberd           |       |       |   144 |   507 |   466 |       |       ||  1117
       Bardiche          |       |       |       |       |   341 |  1246 |   423 ||  2010
       Trident           |       |       |       |       |    22 |    14 |       ||    36
Throw: Dart              |       |     3 |       |     4 |    14 |    83 |       ||   104
       Stone             |       |       |       |     4 |       |       |       ||     4
       Boomerang         |       |       |       |       |       |    18 |     8 ||    26
       Javelin           |       |       |       |       |       |    23 |     6 ||    29
       Throwing net      |       |       |       |       |       |     1 |     2 ||     3
Invok: Trog's Hand       |     1 |     1 |     2 |     3 |     8 |     7 |     4 ||    26
       Berserk           |       |     2 |     3 |     4 |    17 |    10 |     5 ||    41
       Brothers in Arms  |       |       |       |     2 |     3 |     3 |     3 ||    11
Evoke: Wand              |       |       |     3 |       |     1 |     1 |       ||     5
       Condenser vane    |       |       |       |       |       |     2 |     1 ||     3
       Lightning rod     |       |       |       |       |       |     1 |       ||     1
  Use: Scroll            |       |       |     8 |     4 |    20 |    14 |     2 ||    48
       Potion            |       |       |       |     1 |     3 |     2 |     1 ||     7
 Stab: Distracted        |       |       |       |       |       |     1 |     1 ||     2
Armor: Leather armour    |    27 |    13 |       |       |       |       |       ||    40
       Scale mail        |       |    23 |       |       |       |       |       ||    23
       Chain mail        |       |    15 |    66 |    36 |       |       |       ||   117
       Plate armour      |       |       |       |    11 |       |       |       ||    11
       Crystal plate arm |       |       |       |   240 |   633 |   992 |   316 ||  2181
Dodge: Dodged            |    57 |    70 |    63 |   102 |   211 |   363 |   123 ||   989

Table legend: (Time is in decaauts)
 A = Elapsed time spent in this place.
 B = Non-inter-level travel time spent in this place.
 C = Inter-level travel time spent in this place.
 D = Time resting spent in this place.
 E = Time spent auto-exploring this place.
 F = Levels seen in this place.
 G = Mean time per level.
                   A        B        C        D        E       F      G
               +--------+--------+--------+--------+--------+-----+--------+
         Total |  39868 |  36595 |   3273 |   5926 |  23950 |  34 | 1172.6 |
       Dungeon |  15560 |  13976 |   1584 |    800 |  10496 |  15 | 1037.3 |
          Lair |   8649 |   7812 |    837 |   2037 |   4615 |   5 | 1729.8 |
        Shoals |   5280 |   5132 |    148 |   1066 |   3293 |   4 | 1320.0 |
   Spider Nest |   6829 |   6349 |    480 |   1562 |   3679 |   4 | 1707.2 |
  Orcish Mines |   1971 |   1790 |    181 |    294 |   1108 |   2 |  985.5 |
        Vaults |    284 |    244 |     40 |      0 |    189 |   1 |  284.0 |
        Bailey |    395 |    395 |      0 |      0 |     91 |   1 |  395.0 |
       Volcano |    349 |    349 |      0 |    139 |    139 |   1 |  349.0 |
      Gauntlet |    547 |    547 |      0 |     26 |    337 |   1 |  547.0 |
               +--------+--------+--------+--------+--------+-----+--------+

Top non-repeatable levels by time:
  Lair:5: 2635 daAuts
Spider:4: 2468 daAuts
  Lair:4: 2041 daAuts
Spider:1: 1664 daAuts
Shoals:4: 1626 daAuts
Shoals:3: 1602 daAuts
    D:13: 1596 daAuts
   Orc:2: 1568 daAuts
Spider:2: 1479 daAuts
  Lair:1: 1397 daAuts
  Lair:3: 1306 daAuts
  Lair:2: 1268 daAuts
     D:5: 1252 daAuts
Spider:3: 1216 daAuts
     D:9: 1190 daAuts
